 Dungeon Crawl Stone Soup version 0.29.1-13-g9f3cf754e1 (webtiles) character file.

Game seed: 16465904388162435121

39430 Atelerd the Thaumaturge (level 14, -2/79 (81) HPs)
             Began as an Octopode Earth Elementalist on Feb 2, 2023.
             Was an Elder of Sif Muna.
             Slain by a wolf spider (10 damage)
             ... on level 5 of the Lair of Beasts.
             The game lasted 00:34:37 (20933 turns).

Atelerd the Thaumaturge (OpEE)                     Turns: 20933, Time: 00:34:37

HP:   -2/79 (81)    AC:  5    Str: 13    XL:     14   Next: 6%
MP:   8/41          EV: 18    Int: 21    God:    Sif Muna [****..]
Gold: 337           SH:  0    Dex: 20    Spells: 23/41 levels left

rFire   . . .      SeeInvis .   J - +0 dagger (elec)
rCold   . . .      Faith    .   (no shield)
rNeg    + . .      Spirit   .   (helmet restricted)
rPois   .          Reflect  .   q - amulet of the acrobat
rElec   .          Harm     .   k - +4 ring of protection
rCorr   +          Rampage  .   u - ring of magical power
Will    +....                   I - +6 ring of strength
Stlth   ++++++....              H - +6 ring of dexterity
HPRegen 0.23/turn               M - ring of resist corrosion
MPRegen 0.27/turn               O - ring of positive energy
                                t - ring of wizardry
                                (no ring)

@: lethally poisoned (-2 -> -18), very slightly contaminated, lightly drained
A: almost no armour, amphibious, 8 rings, camouflage 1, gelatinous body 1,
(nimble swimmer 1), tentacles, sense surroundings 1
a: Renounce Religion, Channel Magic, Forget Spell, Divine Exegesis


You were on level 5 of the Lair of Beasts.
You worshipped Sif Muna.
Sif Muna was greatly pleased with you.
You visited 3 branches of the dungeon, and saw 18 of its levels.

You collected 998 gold pieces.
You spent 661 gold pieces at shops.

Inventory:

Hand Weapons
 a - the +8 falchion of Amiluu {vorpal, rN+ Stlth+}
   (You bought it in a shop on level 9 of the Dungeon)

   It inflicts extra damage upon your enemies.
   rN:        It protects you from negative energy.
   Stlth:     It makes you more stealthy.
 J - a +0 dagger of electrocution (weapon)
Missiles
 d - 6 curare-tipped darts
Jewellery
 j - a ring of flight
 k - a +4 ring of protection (left tentacle)
 q - an amulet of the acrobat (around mantle)
 t - a ring of wizardry (on tentacle)
 u - a ring of magical power (right tentacle)
 H - a +6 ring of dexterity (on tentacle)
 I - a +6 ring of strength (on tentacle)
 L - a ring of ice
 M - a ring of resist corrosion (on tentacle)
 O - a ring of positive energy (on tentacle)
Wands
 w - a wand of charming (6)
 x - a wand of mindburst (2)
 B - a wand of flame (17)
 D - a wand of iceblast (16)
 N - a wand of digging (4)
Scrolls
 h - 4 scrolls of fear
 i - a scroll of identify
 l - 2 scrolls of teleportation
 p - 5 scrolls of amnesia
 y - 2 scrolls of immolation
 z - 5 scrolls of vulnerability
 A - 2 scrolls of enchant weapon
 F - a scroll of brand weapon
 G - a scroll of blinking
 K - 2 scrolls of torment
 P - a scroll of fog
 Q - a scroll of noise
Potions
 b - 5 potions of flight
 c - a potion of attraction
 e - 2 potions of ambrosia
 f - 2 potions of haste
 g - 3 potions of degeneration
 m - 7 potions of curing
 n - 3 potions of resistance
 o - 5 potions of cancellation
 r - a potion of invisibility
 v - a potion of berserk rage
 C - a potion of might
Miscellaneous
 s - a condenser vane


   Skills:
 - Level 2.0 Fighting
 - Level 5.0 Short Blades
 + Level 7.4 Dodging
 + Level 11.7 Stealth
 - Level 0.2 Unarmed Combat
 + Level 14.4 Spellcasting
 - Level 2.0 Summonings
 - Level 4.0 Necromancy
 - Level 4.0 Transmutations
 - Level 2.0 Air Magic
 - Level 10.0 Earth Magic
 - Level 3.0 Poison Magic
 - Level 8.0 Invocations


You had 23 spell levels left.
You knew the following spells:

 Your Spells              Type           Power      Damage    Failure   Level
a - Sandblast             Erth           100%       2d20      1%          1
b - Summon Lightning Spi  Summ/Air       23%        N/A       8%          4
e - Olgreb's Toxic Radia  Pois           27%        N/A       4%          4
p - Petrify               Tmut/Erth      44%        N/A       1%          4
v - Borgnjor's Vile Clut  Necr/Erth      22%        N/A       2%          5

Your spell library contained the following spells:

 Spells                   Type           Power      Damage    Failure   Level
 Foxfire                  Conj/Fire      60%        2x1d7     1%          1
 Freeze                   Ice            60%        1d8       1%          1
 Sting                    Tmut/Pois      100%       1d8       1%          1
 Passwall                 Tmut/Erth      36%        N/A       1%          2
 Poisonous Vapours        Pois/Air       50%        N/A       1%          2
 Stone Arrow              Conj/Erth      72%        3d11      1%          3
 Vampiric Draining        Necr           31%        2d8       1%          3
 Ensorcelled Hibernation  Hex/Ice        30%        N/A       2%          2
 Animate Dead             Necr           31%        N/A       3%          4
 Conjure Flame            Conj/Fire      15%        6-21      4%          3
 Dazzling Flash           Conj/Hex       30%        N/A       4%          3
 Frozen Ramparts          Ice            30%        1d5       4%          3
 Inner Flame              Hex/Fire       15%        N/A       4%          3
 Tukima's Dance           Hex            15%        N/A       4%          3
 Corpse Rot               Necr/Pois/Air  27%        N/A       4%          4
 Airstrike                Air            11%        2d(2-18)  8%          4
 Flame Wave               Conj/Fire      15%        2d7       16%         4
 Hailstorm                Conj/Ice       15%        3d5       16%         4
 Passage of Golubria      Tloc           15%        N/A       16%         4
 Yara's Violent Unravell  Hex/Tmut       11%        3d6       21%         5
 Lightning Bolt           Conj/Air       9%         1d22      28%         5
 Death Channel            Necr           15%        N/A       43%         6
 Necromutation            Tmut/Necr      15%        N/A       100%        8


Dungeon Overview and Level Annotations

Branches:
Dungeon (12/15)            Temple (1/1) D:6            Lair (5/5) D:9
 Shoals (0/4) Lair:2       Spider (0/4) Lair:2          Orc (0/2) D:10
  Slime: Lair:4-5

Altars:
Ashenzari
Cheibriados
Dithmenos
Elyvilon
Fedhas
Gozag
Hepliaklqana
Kikubaaqudgha
Makhleb
Nemelex Xobeh
Okawaru
Qazlal
Ru
Sif Muna
Trog
Uskayaw
Vehumet
Wu Jian
Xom
Yredelemnul
Zin
The Shining One

Shops:
D:2 [*?!   D:6 (   D:9 (   D:10 (

Annotations:
D:3 3 runed translucent doors, exclusion: downstairs, daba11's ghost, amateur TrTm; nikirochi's ghost, weakling OpBr
D:9 exclusions: downstairs and upstairs
Lair:2 exclusion: 2 downstairs
Lair:3 exclusion: downstairs


Innate Abilities, Weirdness & Mutations

You cannot wear most types of armour.
You are amphibious.
You can wear up to eight rings at the same time.
Your skin changes colour to match your surroundings (Stealth+).
Your rubbery body absorbs attacks. (AC +1, EV +1)
((You are camouflaged when in or above water. (Stealth+)))
You have tentacles for arms and can constrict up to eight enemies at once.
You passively map a small area around you.


Message History

Training target 2.0 for Summonings reached!
Your Summonings skill increases to level 2!
Casting: Olgreb's Toxic Radiance (dangerous; 4% risk of failure)
Confirm with . or Enter, or press ? or * to list all spells.
Aiming: Petrify (mildly dangerous; 1% risk of failure)
Press: ? - help, Shift-Dir - straight line, f - cane toad
Aim: a cane toad (chance to affect: 68%)
The cane toad is moving more slowly.
The wolf spider is no longer petrified.
You kill the blink frog!
Sif Muna accepts your kill.
The blink frog hits you but does no damage.
The blink frog barely misses you.
Casting: Petrify (mildly dangerous; 1% risk of failure)
Confirm with . or Enter, or press ? or * to list all spells.
Aiming: Borgnjor's Vile Clutch (dangerous; 2% risk of failure)
Press: ? - help, Shift-Dir - straight line, f - wolf spider, p - cane toad
Aim: a wolf spider (severely wounded, extremely poisoned, 100% to hit)
You miscast Borgnjor's Vile Clutch.
You are very lightly contaminated with residual magic.
You sense a malignant aura.
You partially resist.
You feel drained.
The wolf spider hits you but does no damage.
The wolf spider bites you!
The blink frog blinks!
The cane toad completely misses you. The wolf spider barely misses you. x2
The wolf spider attacks as you move away!
The wolf spider hits you! The wolf spider bites you.
You are lethally poisoned!
The wolf spider poisons you!
* * * LOW HITPOINT WARNING * * *
You feel very sick.
You feel much better.
You feel very sick. The blink frog hits you!
* * * LOW HITPOINT WARNING * * *
The wolf spider barely misses you. The wolf spider bites you.
* * * LOW HITPOINT WARNING * * *
The blink frog hits you!
* * * LOW HITPOINT WARNING * * *
The blink frog blinks!
The cane toad completely misses you. The wolf spider hits you!
You die...

#...#######......†.......
*
#...#...##...............
..?.#....................
*
#........................
##.........†.÷....††.....
#....(.[.....F†..†.......
...##$.........÷.......#
. ##.#........sF.....#* *
####...<...@.....## *
#........§....## , *
#..##........## ,
#P...........## *
##...##.....## * * ,
#..**###P#..# #. ###### ,
* **


You could see a wolf spider (very poisoned), a cane toad (petrifying) and a
blink frog (extremely poisoned).

Vanquished Creatures
  Josephine (Lair:4)
  Fannar (D:11)
  6 hydras
  Erolcha (D:10)
  A catoblepas (Lair:5)
  2 two-headed ogres
  Urug (D:10)
  4 death yaks (Lair:4)
  Sonja (D:11)
  A fire crab (Lair:4)
  Amaemon (D:9)
  A cyclops (D:12)
  A manticore (D:11)
  A merfolk siren (Lair:2)
  Joseph (D:7)
  2 black mambas
  Maurice (D:10)
  6 cane toads
  An orange demon (D:9)
  2 unseen horrors
  7 komodo dragons
  3 rime drakes
  3 trolls
  2 merfolk (Lair:2)
  A hornet (D:9)
  A polar bear (Lair:2)
  9 dream sheep
  14 blink frogs
  2 jumping spiders (Lair:2)
  5 wraiths
  6 wyverns
  A basilisk (Lair:3)
  27 yaks
  A steam dragon (D:10)
  3 redbacks (Lair:2)
  Menkaure (D:6)
  3 water moccasins
  A sky beast (Temple)
  A black bear (Lair:3)
  An ogre (D:5)
  A centaur (D:9)
  50 wolves
  3 kobold brigands (D:8)
  18 bullfrogs
  5 scorpions
  A necrophage (D:5)
  A wight (D:5)
  8 howler monkeys
  2 electric eels
  2 bullfrog zombies (D:5)
  A human zombie (D:5)
  5 orc priests
  6 hounds
  An iron imp (D:8)
  3 gnoll boudas
  3 iguanas
  Natasha (thrice) (D:2)
  A scorpion zombie (D:5)
  7 orc wizards
  2 hound zombies (D:5)
  2 mummies (D:5)
  2 howler monkey zombies (D:5)
  13 gnolls
  6 adders
  A shadow imp (D:5)
  A white imp (D:3)
  5 worms
  A dart slug (D:1)
  31 orcs
  5 ball pythons
  12 endoplasms
  3 giant cockroaches (D:1)
  10 goblins
  12 hobgoblins
  4 bats
  3 frilled lizards
  8 kobolds
  7 rats
  A spectral orc (D:6)
378 creatures vanquished.

Vanquished Creatures (others)
  An orc wizard (D:3)
  21 fungi
  47 plants
69 creatures vanquished.

Grand Total: 447 creatures vanquished

Notes
Turn   | Place    | Note
-------+----------+-------------------------------------------
     0 | D:1      | Atelerd the Octopode Earth Elementalist began the quest for
                  | the Orb.
     0 | D:1      | Reached XP level 1. HP: 11/11 MP: 3/3
   145 | D:1      | Reached XP level 2. HP: 17/17 MP: 3/5
   480 | D:1      | Reached XP level 3. HP: 21/21 MP: 3/6
   989 | D:2      | Found Covatz's Magic Scroll Emporium.
   997 | D:2      | Found a faded altar of an unknown god.
  1026 | D:2      | Reached XP level 4. HP: 22/27 MP: 5/8
  1095 | D:2      | Bought a scroll of teleportation for 39 gold pieces
  1365 | D:2      | Found Agroax's Distillery.
  1438 | D:2      | Noticed Natasha
  1440 | D:2      | Found a bloodstained altar of Trog.
  1443 | D:2      | Killed Natasha
  1444 | D:2      | Reached skill level 3 in Spellcasting
  1498 | D:2      | Found Reixixuch's General Store.
  1580 | D:2      | Found Doiwo Weidef's Antique Armour Shoppe.
  1804 | D:2      | Learned a level 4 spell: Petrify
  1842 | D:3      | Found a radiant altar of Vehumet.
  1922 | D:3      | Reached XP level 5. HP: 31/31 MP: 8/10
  2375 | D:3      | Found a runed translucent gate.
  2376 | D:3      | Found a runed translucent gate.
  2381 | D:3      | Found a runed translucent gate.
  2385 | D:3      | Noticed nikirochi's ghost (weakling OpBr)
  2385 | D:3      | Noticed daba11's ghost (amateur TrTm)
  2482 | D:3      | Found a shimmering blue altar of Sif Muna.
  2485 | D:3      | Became a worshipper of Sif Muna the Loreminder
  2639 | D:3      | Found an opulent altar of Gozag.
  2913 | D:2      | Bought a scroll of identify for 26 gold pieces
  2913 | D:2      | Bought a scroll of identify for 26 gold pieces
  2913 | D:2      | Bought a scroll of identify for 26 gold pieces
  2941 | D:2      | Bought a potion of curing for 39 gold pieces
  3063 | D:4      | Reached XP level 6. HP: 36/36 MP: 11/11
  3291 | D:4      | Reached skill level 5 in Earth Magic
  3534 | D:4      | Reached skill level 4 in Spellcasting
  3987 | D:4      | Reached * piety under Sif Muna
  4129 | D:5      | Entered Level 5 of the Dungeon
  4167 | D:5      | Reached XP level 7. HP: 41/41 MP: 13/13
  4178 | D:5      | Found an ancient bone altar of Kikubaaqudgha.
  4710 | D:5      | Reached skill level 5 in Spellcasting
  4710 | D:5      | Reached XP level 8. HP: 4/46 MP: 15/15
  5700 | D:6      | Found Wewaefu's Weapon Shop.
  5807 | D:6      | Found a bloodstained altar of Trog.
  5875 | D:6      | Found a staircase to the Ecumenical Temple.
  5883 | D:6      | Reached skill level 6 in Spellcasting
  5892 | Temple   | Entered the Ecumenical Temple
  5993 | D:6      | Reached ** piety under Sif Muna
  6112 | D:6      | Noticed Menkaure
  6117 | D:6      | Killed Menkaure
  6118 | D:6      | Reached skill level 1 in Short Blades
  6311 | D:6      | Found a basalt altar of Yredelemnul.
  6383 | D:6      | Found a hide-covered altar of Uskayaw.
  6404 | D:6      | Reached skill level 1 in Fighting
  6404 | D:6      | Reached XP level 9. HP: 53/53 MP: 19/19
  6545 | D:6      | Found a shadowy altar of Dithmenos.
  6785 | D:2      | Bought a scroll of blinking for 105 gold pieces
  6793 | D:2      | Noticed Natasha
  6798 | D:2      | Killed Natasha
  6827 | D:2      | Noticed Natasha
  6833 | D:2      | Killed Natasha
  7005 | D:7      | Noticed a troll
  7016 | D:7      | Killed a troll
  7075 | D:7      | You fall into a shaft and drop 1 floor!
  7091 | D:8      | Found a glowing golden altar of the Shining One.
  7132 | D:8      | Reached skill level 7 in Spellcasting
  7481 | D:9      | Reached skill level 5 in Stealth
  7489 | D:9      | Reached skill level 5 in Dodging
  7522 | D:9      | Noticed an orange demon
  7523 | D:9      | Noticed Amaemon
  7568 | D:9      | Killed Amaemon
  7569 | D:9      | Reached skill level 8 in Spellcasting
  7569 | D:9      | Reached XP level 10. HP: 40/60 MP: 22/22
  7573 | D:9      | Killed an orange demon
  7858 | D:9      | Learned a level 5 spell: Borgnjor's Vile Clutch
  7863 | D:9      | Learned a level 4 spell: Olgreb's Toxic Radiance
  7904 | D:9      | Noticed a two-headed ogre
  7914 | D:9      | Killed a two-headed ogre
  8057 | D:9      | Found a white marble altar of Elyvilon.
  8130 | D:9      | Found a staircase to the Lair.
  8268 | D:9      | Found Xicirue's Antique Weapon Emporium.
  8271 | D:9      | Bought a crystal falchion for 192 gold pieces
  8271 | D:9      | Identified the +8 falchion of Amiluu {vorpal, rN+ Stlth+}
                  | (You bought it in a shop on level 9 of the Dungeon)
  8670 | D:10     | Entered Level 10 of the Dungeon
  8693 | D:10     | Noticed Maurice
  8704 | D:10     | Killed Maurice
  8705 | D:10     | Reached skill level 9 in Spellcasting
  8832 | D:10     | Reached skill level 10 in Stealth
  8872 | D:10     | Found a staircase to the Orcish Mines.
  8901 | D:10     | Found a burning altar of Makhleb.
  8941 | D:10     | Killed an unseen horror
  8952 | D:10     | Reached skill level 1 in Poison Magic
  9178 | D:10     | Found a broken altar of Ashenzari.
  9278 | D:10     | Noticed Urug
  9287 | D:10     | Killed Urug
  9288 | D:10     | Reached XP level 11. HP: 64/64 MP: 24/24
  9288 | D:10     | Found Pobuovvyme's Weapon Shop.
  9401 | D:10     | Reached *** piety under Sif Muna
  9807 | D:8      | Noticed a two-headed hydra
  9818 | D:8      | Killed a two-headed hydra
  9921 | D:8      | Found an iron altar of Okawaru.
 10514 | D:8      | Found a snail-covered altar of Cheibriados.
 10634 | D:7      | Found an ornate altar of the Wu Jian Council.
 10818 | D:7      | Noticed Joseph
 10828 | D:7      | Killed Joseph
 10829 | D:7      | Reached skill level 5 in Invocations
 11247 | D:7      | Found a hazy altar of Hepliaklqana.
 11614 | D:2      | Bought a potion of curing for 39 gold pieces
 11614 | D:2      | Bought a potion of heal wounds for 65 gold pieces
 11614 | D:2      | Bought a potion of mutation for 104 gold pieces
 11614 | D:2      | Gained mutation: You are weak. (Str -2) [potion of
                  | mutation]
 11614 | D:2      | Lost mutation: You are weak. (Str -2) [potion of mutation]
 11614 | D:2      | Gained mutation: You occasionally lose the ability to drink
                  | potions when taking damage. [potion of mutation]
 11614 | D:2      | Gained mutation: You have a pair of small antennae on your
                  | head. [potion of mutation]
 11615 | D:2      | Lost mutation: You occasionally lose the ability to drink
                  | potions when taking damage. [potion of mutation]
 11615 | D:2      | Lost mutation: You have a pair of small antennae on your
                  | head. [potion of mutation]
 11615 | D:2      | Gained mutation: You have hidden genetic defects. [potion
                  | of mutation]
 11616 | D:2      | Lost mutation: You have hidden genetic defects. [potion of
                  | mutation]
 11616 | D:2      | Gained mutation: You are robust. (+10% HP) [potion of
                  | mutation]
 11616 | D:2      | Lost mutation: You are robust. (+10% HP) [potion of
                  | mutation]
 11616 | D:2      | Gained mutation: You passively map a small area around you.
                  | [potion of mutation]
 12142 | D:10     | Reached skill level 10 in Spellcasting
 12232 | D:10     | Noticed Erolcha
 12241 | D:10     | Killed Erolcha
 12507 | D:11     | Noticed a four-headed hydra
 12530 | D:11     | Killed a four-headed hydra
 12664 | D:11     | Noticed Fannar
 12675 | D:11     | Killed Fannar
 12676 | D:11     | Reached XP level 12. HP: 70/70 MP: 26/26
 12700 | D:11     | Found an ornate altar of the Wu Jian Council.
 12721 | D:11     | Noticed Sonja
 12728 | D:11     | Killed Sonja
 13065 | D:11     | Noticed a two-headed ogre
 13074 | D:11     | Killed a two-headed ogre
 13075 | D:11     | Reached skill level 10 in Earth Magic
 13479 | D:12     | Noticed a catoblepas
 13610 | Lair:1   | Entered Level 1 of the Lair of Beasts
 13712 | Lair:1   | Noticed a five-headed hydra
 13734 | Lair:1   | Reached skill level 11 in Spellcasting
 14031 | Lair:1   | Noticed a boulder beetle
 14031 | Lair:1   | Noticed a five-headed hydra
 15043 | Lair:1   | Killed a five-headed hydra
 15044 | Lair:1   | Reached skill level 12 in Spellcasting
 15495 | Lair:1   | Killed a five-headed hydra
 15559 | Lair:1   | Found the +3 pair of seven-league boots {Rampage+∞}
 15713 | Lair:2   | Found a hole to the Spider Nest.
 16155 | Lair:2   | Reached **** piety under Sif Muna
 16321 | Lair:2   | Found a staircase to the Shoals.
 16339 | Lair:2   | Reached skill level 13 in Spellcasting
 16618 | Lair:2   | Reached XP level 13. HP: 74/74 MP: 30/30
 18337 | Lair:3   | Reached ***** piety under Sif Muna
 18393 | Lair:3   | Received a gift from Sif Muna
 18394 | Lair:3   | Got Sif Muna's Teachings on Spellbinding Necromancy {god
                  | gift}
 18554 | Lair:3   | Reached skill level 14 in Spellcasting
 19574 | Lair:4   | Noticed Josephine
 19751 | Lair:4   | Killed Josephine
 20249 | Lair:4   | Reached skill level 5 in Short Blades
 20602 | Lair:4   | Identified a scroll of acquirement
 20611 | Lair:4   | Acquired a ring of wizardry
 20619 | Lair:4   | Learned a level 4 spell: Summon Lightning Spire
 20663 | Lair:5   | Entered Level 5 of the Lair of Beasts
 20703 | Lair:5   | Reached skill level 1 in Summonings
 20703 | Lair:5   | Reached skill level 1 in Air Magic
 20732 | Lair:5   | Reached XP level 14. HP: 44/81 MP: 7/32
 20933 | Lair:5   | Slain by a wolf spider

Illustrated notes

Levels and vault maps discovered:
D:1:      elethiomel_arrival_infinity_welcomes_careful_drivers, layout_rooms
D:2:      layout_basic, hellmonk_ecumenical_altar_run_dry, basic_altar,
          serial_shops, nicolae_diamond_shop, shop, shop,
          nicolae_shop_advertising_works [nicolae_subvault_shop_adworks],
          minmay_door_square, nrook_mini_vaults, palyth_stone_intersect,
          uniq_natasha
D:3:      layout_basic, vehumet_crystals, lemuel_blue_sif_altar,
          mainiacjoe_overflow_alcove_1, gammafunk_ghost_cemetery,
          hangedman_decor_clover_reticule
D:4:      layout_basic
D:5:      layout_rooms, lemuel_mausoleum_altar_kikubaaqudgha
D:6:      layout_basic, yredelemnul_forgotten_temple_becter, lemuel_tele_altar,
          general_overflow_altar, lightli_temple_of_fire,
          minmay_temple_entry_butterflies, serial_shops, shop, uniq_menkaure
D:7:      layout_basic, mainiacjoe_overflow_catwalk, kennysheep_mini_moat,
          uniq_joseph
D:8:      layout_basic, chei_slow_surprise, tso_oasis_becter,
          mainiacjoe_overflow_six_doors_small, minmay_misc_feat_iff,
          minivault_22, chequers_garden, hangedman_ranch
D:9:      layout_small_grid, nicolae_elyvilon_temple_path, dpeg_oklobed_lair,
          serial_shops, nicolae_shop_behind_doors, uniq_amaemon
D:10:     layout_irregular_city, kennysheep_little_box,
          overflow_temple_1_default, orc_0_dummy, serial_shops,
          nicolae_shop_crystal, uniq_urug, uniq_maurice, uniq_erolcha
D:11:     layout_basic, nzn_wu_jian_contemplation, uniq_sonja, uniq_fannar
D:12:     layout_irregular_city, gammafunk_ghost_split,
          nicolae_uskayaw_murder_on_the_dancefloor
Temple:   hellmonk_temple_two_chambers
Lair:1:   layout_layer_cave, columned_hall_lemuel,
          chequers_serial_rivers_small_b,
          hellmonk_guarded_unrand_seven_league_boots, infiniplex_staircase_pool
Lair:2:   layout_loops_ring, elwin_shoals_entry_rooms,
          nicolae_spider_entry_tight_spaces, nicolae_quartered_pool_medium,
          nicolae_lair_grove_arrangements, guppyfry_lair_drakes
Lair:3:   layout_gridlike, grunt_forest_large_clearings
Lair:4:   layout_big_grid, uniq_josephine
Lair:5:   evilmike_catoblepas_cave, layout_cave_pods, slime_entry_1,
          nicolae_lair_run_with_the_wolves, serial_bayou_shore_b,
          lemuel_fruit_fields

Skill      XL: |  1  2  3  4  5  6  7  8  9 10 11 12 13 14 |
---------------+-------------------------------------------+-----
Earth Magic    | 4 5 7 8 9 10 | 10.0
Spellcasting   | 3 4 5 6 8 9 10 13 14 | 14.4
Transmutations | 2 3 4 |  4.0
Short Blades   | 1 2 5 |  5.0
Stealth        | 3 8 10 11 | 11.7
Fighting       | 1 2 |  2.0
Dodging        | 3 5 6 7 |  7.4
Necromancy     | 3 4 |  4.0
Invocations    | 3 5 7 8 |  8.0
Poison Magic   | 2 3 |  3.0
Summonings     | 1 2 |  2.0
Air Magic      | 1 2 |  2.0
Unarmed Combat | |  0.2

Action                   |  1- 3 |  4- 6 |  7- 9 | 10-12 | 13-15 || total
-------------------------+-------+-------+-------+-------+-------++-------
Melee: Unarmed           |     2 |       |       |       |       ||     2
       Tentacles         |     3 |     6 |    21 |    34 |    12 ||    76
       Dagger            |    14 |    34 |    73 |   110 |    47 ||   278
       Constrict         |     4 |     8 |    13 |    15 |    11 ||    51
       Punch             |       |       |     1 |     1 |     4 ||     6
 Cast: Sandblast         |    32 |    85 |    88 |   109 |   142 ||   456
       Petrify           |       |       |    23 |    80 |    38 ||   141
       Olgreb's Toxic Ra |       |       |       |    13 |    28 ||    41
       Borgnjor's Vile C |       |       |       |    16 |    26 ||    42
       Summon Lightning  |       |       |       |       |     1 ||     1
Invok: Channel Magic     |       |       |     2 |     1 |     2 ||     5
Evoke: Wand              |       |       |       |    14 |     4 ||    18
  Use: Scroll            |       |     2 |     2 |     9 |    10 ||    23
       Potion            |       |       |     6 |    10 |     4 ||    20
 Stab: Sleeping          |       |     7 |     5 |    18 |     3 ||    33
       Petrified         |       |       |    25 |    56 |    20 ||   101
       Petrifying        |       |       |     2 |     3 |     3 ||     8
Armor: Skin              |     1 |     7 |    67 |    23 |    29 ||   127
Dodge: Dodged            |    17 |    27 |    80 |   135 |   165 ||   424
